 Dungeon Crawl Stone Soup version 0.30.1-11-g7821555f0a (webtiles) character file.

Game seed: 1480057813962003293

338 porpoise the Shooter (level 6, -14/49 HPs)
             Began as a Barachi Hunter on Jan 3, 2024.
             Demolished by a two-headed ogre
             ... wielding a +0 giant club
              (16 damage)
             ... on level 4 of the Dungeon.
             The game lasted 00:08:14 (3545 turns).

porpoise the Shooter (Barachi Hunter)               Turns: 3545, Time: 00:08:14

Health: -14/49     AC:  7    Str: 12    XL:     6   Next: 55%
Magic:  6/6        EV: 11    Int:  9    God:
Gold:   182        SH:  0    Dex: 18    Spells: 5/5 levels left

rFire   x . .        w - +7 trident of the Mauling Gods {flame, rElec rF- rC+ rN+}
rCold   + . .        (no shield)
rNeg    + . .        n - +0 ring mail
rPois   .            (no helmet)
rElec   +            i - +0 cloak
rCorr   .            (no gloves)
SInv    .            m - +0 pair of boots
Will    .....        (no amulet)
Stlth   +            (no ring)
HPRegen 0.28/turn    (no ring)
MPRegen 0.10/turn

%: no passive effects
@: hasted, studying Hexes, very quick
A: amphibious, slowness 1, strong legs 1, +LOS
a: Hop


You were on level 4 of the Dungeon.
You visited 1 branch of the dungeon, and saw 7 of its levels.

You collected 182 gold pieces.

Inventory:

Hand Weapons
 a - a +0 shortbow
 w - the +7 trident of the Mauling Gods (weapon) {flame, rElec rF- rC+ rN+}
   (You found it on level 3 of the Dungeon)

   rF:        It makes you vulnerable to fire.
   rC:        It protects you from cold.
   rElec:     It insulates you from electricity.
   rN:        It protects you from negative energy.
Missiles
 u - 5 boomerangs
 v - 7 poisoned darts
Armour
 i - a +0 cloak (worn)
 m - a +0 pair of boots (worn)
 n - a +0 ring mail (worn)
 t - the +0 chain mail of Misanthropy {rElec rN+++ Regen+ Dex-4}
   (You found it on level 4 of the Dungeon)

   Dex:       It affects your dexterity (-4).
   rElec:     It insulates you from electricity.
   rN:        It renders you almost immune to negative energy.
   Regen:     It increases your rate of health regeneration.
Jewellery
 x - a ring of wizardry
Scrolls
 b - 2 scrolls of immolation
 c - a scroll of teleportation {unknown}
 f - 3 scrolls of noise
 g - a scroll of enchant armour {unknown}
 j - a scroll of amnesia {unknown}
 l - a scroll of fear {unknown}
 o - 2 scrolls of fog
Potions
 d - a potion of invisibility
 e - 2 potions of flight
 h - 3 potions of haste
 k - 2 potions of mutation {unknown}
 p - 2 potions of might {unknown}
 q - a potion of magic {unknown}
 r - 2 potions of curing {unknown}
 s - a potion of experience {unknown}
 z - a potion of heal wounds {unknown}


   Skills:
 + Level 4.6 Fighting
 * Level 6.3 Ranged Weapons
 + Level 2.9 Armour
 - Level 2.1 Dodging
 - Level 0.8 Stealth


You had 5 spell levels left.
You didn't know any spells.
Your spell library contained the following spells:

 Spells                   Type           Power      Damage    Failure   Level
 Sandblast                Erth           0%         2d4       65%         1
 Cigotuvi's Dreadful Rot  Necr/Pois/Air  0%         N/A       80%         2
 Passwall                 Tmut/Erth      0%         N/A       80%         2
 Hailstorm                Conj/Ice       0%         3d3       95%         3
 Ignite Poison            Fire/Tmut/Pois 0%         N/A       95%         3
 Stone Arrow              Conj/Erth      0%         3d7       95%         3
 Ice Form                 Ice/Tmut       0%         N/A       100%        4
 Freezing Cloud           Conj/Ice/Air   0%         6-21      100%        5
 Simulacrum               Ice/Necr       0%         N/A       100%        6


Dungeon Overview and Level Annotations

Branches:
Dungeon (7/15)
 Temple: D:4-7

Altars:


Innate Abilities, Weirdness & Mutations

You are amphibious.
You cover ground slowly.
You can hop short distances.
You have an extended range of vision and can be seen from far away.


Message History

The orc wizard hits you with a +0 dagger.
The orc closely misses you.
You feel less confused.
The two-headed ogre shouts in stereo!
You hear an angry growl.
The orc wizard hits you but does no damage.
You puncture the orc wizard! You burn the orc wizard.
You kill the orc wizard!
The orc barely misses you. The orc hits you but does no damage.
Things that are here:
a +0 dagger; a +0 robe; an orc corpse You hit the orc.
You burn the orc.
The orc is almost dead.
The orc misses you. The orc barely misses you.
You hit the orc. You burn the orc.
You kill the orc!
Reach: w) +7 trident of the Mauling Gods {flame, rElec rF- rC+ rN+}
Press: ? - help, Dir - move target, f - two-headed ogre
Aim: a two-headed ogre, wielding two +0 giant clubs (about 20% to evade the +7 trident of the Mauling Gods)
You reach to attack!
You barely miss the two-headed ogre.
Reach: w) +7 trident of the Mauling Gods {flame, rElec rF- rC+ rN+}
Press: ? - help, Dir - move target, f/p - two-headed ogre
Aim: a two-headed ogre, wielding two +0 giant clubs (about 20% to evade the +7 trident of the Mauling Gods)
You hit the two-headed ogre. You burn the two-headed ogre.
The two-headed ogre is lightly wounded.
The two-headed ogre hits you with a +0 giant club!
The two-headed ogre hits you with a +0 giant club.
Reach: w) +7 trident of the Mauling Gods {flame, rElec rF- rC+ rN+}
Press: ? - help, Dir - move target, f/p - two-headed ogre
Aim: a two-headed ogre, wielding two +0 giant clubs (lightly wounded, about 20% to evade the +7 trident of the Mauling Gods)
You puncture the two-headed ogre! You burn the two-headed ogre.
The two-headed ogre is moderately wounded.
The two-headed ogre hits you with a +0 giant club.
The two-headed ogre hits you with a +0 giant club!
* * * LOW HITPOINT WARNING * * *
You feel yourself speed up.
The two-headed ogre hits you with a +0 giant club!
* * * LOW HITPOINT WARNING * * *
The two-headed ogre hits you with a +0 giant club!
You die...

...........#.#.#.#..#####........
........#..)###..#..###..........
.............#...#..#...#........
#######.......###..##............
###..........#####.........
####.........###.........
###...................
#..........#....####
######@O...........###
####....))....[.#.......#
#.......#####...#.>..#..#
#...(.###########.......#.(##
≈................##.......#....
≈.###..#######.......>....##.#.
#.. #........#....#... #o.
#................. .o
.####.............##..


You could see a two-headed ogre.

Vanquished Creatures
  A centaur (D:6)
  A hound (D:5)
  3 orc wizards
  3 adders
  An ufetubus (D:5)
  2 worms
  4 dart slugs
  12 orcs
  7 endoplasms
  3 giant cockroaches
  9 goblins
  4 hobgoblins
  4 jackals (D:1)
  5 kobolds
  4 quokkas
  11 ball pythons
  11 bats
  3 frilled lizards
  4 rats (D:2)
92 creatures vanquished.

Notes
Turn   | Place    | Note
-------+----------+-------------------------------------------
     0 | D:1      | porpoise the Barachi Hunter began the quest for the Orb.
     0 | D:1      | Reached XP level 1. HP: 17/17 MP: 1/1
    60 | D:1      | Reached XP level 2. HP: 23/23 MP: 2/2
   414 | D:1      | Reached XP level 3. HP: 29/29 MP: 3/3
  1268 | D:2      | Reached skill level 5 in Ranged Weapons
  1319 | D:2      | Reached XP level 4. HP: 33/35 MP: 4/4
  2115 | D:3      | Reached skill level 1 in Armour
  2245 | D:3      | Identified the +7 trident of the Mauling Gods {flame, rElec
                  | rF- rC+ rN+}
  2760 | D:4      | Identified the +0 chain mail of Misanthropy {rElec rN+++
                  | Regen+ Dex-4}
  2796 | D:4      | Noticed a black bear
  2797 | D:4      | Noticed a two-headed ogre
  3033 | D:4      | Reached XP level 5. HP: 21/42 MP: 5/5
  3224 | D:4      | You fall into a shaft and drop 3 floors!
  3234 | D:6      | Noticed a centaur
  3245 | D:6      | Killed a centaur
  3314 | D:5      | Entered Level 5 of the Dungeon
  3415 | D:5      | Reached skill level 6 in Ranged Weapons
  3415 | D:5      | Reached XP level 6. HP: 44/49 MP: 6/6
  3545 | D:4      | HP: 2/49 [two-headed ogre/+0 giant club (12)]
  3545 | D:4      | Demolished by a two-headed ogre

Illustrated notes

Levels and vault maps discovered:
D:1:      onia_arrival_mini_spirals, layout_loops_ring, chequers_big_river,
          chequers_hall_statues_wall_a, hangedman_feature_mirror,
          grunt_decor_resistance
D:2:      layout_loops_cross
D:3:      cheibrodos_helix_gallery, layout_basic
D:4:      layout_rooms, mainiacjoe_overflow_brackets, minmay_manual_mail
D:5:      layout_loops_corners, serial_shops, kennysheep_mini_moat,
          kennysheep_mini
D:6:      layout_loops_ring, minmay_misc_feat_four_crosses
D:7:      layout_basic, minmay_temple_entry_statues_fountains,
          gammafunk_ghost_smash, minmay_shop_grid_forest, centaur_isle

Skill      XL: |  1  2  3  4  5 |
---------------+----------------+-----
Fighting       | 3 4 |  4.6
Ranged Weapons | 5 6 |  6.3
Armour         | 1 2 |  2.9
Dodging        | |  2.1
Stealth        | |  0.8

Action                     |  1- 3 |  4- 6 || total
---------------------------+-------+-------++-------
  Melee: Trident           |       |    12 ||    12
         Punch             |       |     1 ||     1
   Fire: Shortbow          |   115 |   141 ||   256
    Use: Scroll            |     1 |     4 ||     5
         Potion            |       |     1 ||     1
 Armour: Leather armour    |    23 |       ||    23
         Ring mail         |     4 |    38 ||    42
  Dodge: Dodged            |    51 |    63 ||   114
